 Dungeon Crawl Stone Soup version 0.28.0-47-ge53b351184 (webtiles) character file.

Game seed: 4107174715521440838

487 nickcage the Vexing (level 6, -2/28 HPs)
             Began as a Spriggan Enchanter on May 2, 2022.
             Slain by a bullfrog skeleton (6 damage)
             ... on level 4 of the Dungeon.
             The game lasted 00:13:24 (6180 turns).

nickcage the Vexing (Spriggan Enchanter)            Turns: 6180, Time: 00:13:25

Health: -2/28      AC:  4    Str:  4    XL:     6   Next: 89%
Magic:  3/11       EV: 17    Int: 17    God:
Gold:   135        SH:  0    Dex: 17    Spells: 8/10 levels left

rFire   . . .      SeeInvis +   a - +2 dagger
rCold   . . .      Faith    .   (no shield)
rNeg    + . .      Spirit   .   b - +0 robe
rPois   .          Reflect  .   (helmet restricted)
rElec   .          Harm     .   t - +1 cloak
rCorr   .          Rampage  .   (gloves unavailable)
Will    ++...                   (boots unavailable)
Stlth   +++.......              (no amulet)
HPRegen 0.09/turn               d - ring of willpower
MPRegen 0.12/turn               e - ring of positive energy

@: very quick
A: very small, no large weapons, unfitting armour, see invisible, speed 3
a: no special abilities


You were on level 4 of the Dungeon.
You visited 1 branch of the dungeon, and saw 4 of its levels.

You collected 135 gold pieces.

Inventory:

Hand Weapons
 a - a +2 dagger (weapon)
 n - the +10 hand axe of Imminent Death {vorpal, +Blink rCorr Dex+2 Stlth+}
   (You found it on level 3 of the Dungeon)

   It inflicts extra damage upon your enemies.
   Dex:       It affects your dexterity (+2).
   +Blink:    It lets you blink.
   rCorr:     It protects you from acid and corrosion.
   Stlth:     It makes you more stealthy.
Missiles
 o - 4 boomerangs
Armour
 b - a +0 robe (worn)
 t - a +1 cloak (worn)
Jewellery
 d - a ring of willpower (left hand)
 e - a ring of positive energy (right hand)
 s - a ring of protection from fire
Scrolls
 g - a scroll of enchant weapon
 h - a scroll of vulnerability {unknown}
 k - a scroll of immolation {unknown}
 m - a scroll of blinking {unknown}
 p - 4 scrolls of identify {unknown}
 q - a scroll of fear
 r - a scroll of silence {unknown}
 v - a scroll of magic mapping {unknown}
Potions
 c - a potion of invisibility
 f - 2 potions of curing {unknown}
 i - 3 potions of attraction {unknown}
 j - a potion of brilliance {unknown}
 l - a potion of cancellation {unknown}
 u - 2 potions of lignification {unknown}


   Skills:
 + Level 6.0 Short Blades
 - Level 2.6 Dodging
 - Level 4.4 Stealth
 - Level 2.6 Spellcasting
 - Level 6.4 Hexes
 - Level 1.1 Ice Magic


You had 8 spell levels left.
You knew the following spells:

 Your Spells              Type           Power      Damage    Failure   Level
a - Ensorcelled Hibernat  Hex/Ice        30%        N/A       6%          2

Your spell library contained the following spells:

 Spells                   Type           Power      Damage    Failure   Level
 Confusing Touch          Hex            24%        N/A       3%          3
 Tukima's Dance           Hex            24%        N/A       3%          3
 Dazzling Flash           Conj/Hex       26%        N/A       14%         3
 Summon Guardian Golem    Hex/Summ       13%        N/A       14%         3
 Summon Small Mammal      Summ           8%         N/A       19%         1
 Call Canine Familiar     Summ           2%         N/A       47%         3
 Summon Ice Beast         Ice/Summ       4%         N/A       80%         4
 Summon Mana Viper        Hex/Summ       13%        N/A       80%         5
 Monstrous Menagerie      Summ           1%         N/A       100%        7


Dungeon Overview and Level Annotations

Branches:
Dungeon (4/15)
 Temple: D:4-7

Altars:
Ashenzari
Cheibriados
Gozag
Okawaru
Qazlal
The Shining One

Shops:
D:1 *   D:4 :

Annotations:
D:3 Grinder


Innate Abilities, Weirdness & Mutations

You are very small and have problems with some larger weapons.
You are too small for most types of armour.
You have supernaturally acute eyesight. (SInv)
You cover ground extremely quickly. (Speed+++)


Message History

The orc hits you with a +0 dagger.
You closely miss the orc.
The orc is almost dead.
The orc closely misses you.
You completely miss the orc.
The orc is almost dead.
You hit the orc but do no damage.
The orc is almost dead.
The orc closely misses you.
You hit the orc but do no damage.
The orc is almost dead.
The orc barely misses you.
You hit the orc.
You kill the orc!
Your Short Blades skill increases to level 6!
The bullfrog skeleton barely misses you.
Things that are here:
a +0 dagger; a +0 leather armour; an orc corpse You hit the bullfrog skeleton.
The bullfrog skeleton is lightly damaged.
The bullfrog skeleton hits you.
You hit the bullfrog skeleton.
The bullfrog skeleton is moderately damaged.
The bullfrog skeleton closely misses you.
You hit the bullfrog skeleton.
Your punch misses the bullfrog skeleton.
The bullfrog skeleton is moderately damaged.
The bullfrog skeleton hits you.
You hit the bullfrog skeleton.
The bullfrog skeleton is moderately damaged.
The bullfrog skeleton hits you.
* * * LOW HITPOINT WARNING * * *
You hit the bullfrog skeleton.
The bullfrog skeleton is heavily damaged.
The bullfrog skeleton hits you.
* * * LOW HITPOINT WARNING * * *
You hit the bullfrog skeleton.
The bullfrog skeleton is heavily damaged.
The bullfrog skeleton hits you.
You die...

.#...#.......#
......#
)'...'.).....#
......
.#...#.......#.
#..#.###
##...##.....##.
.......
#.....##...##
#.#....####
####...#####
#.#........ ####...#
#.# #......#
..##...###.######)#
.###.....#......@Z#
.# #...#.#(########
.# #...#.#.# .#
#...#.#.########. .#
#...#.#..........
.###...#.#.##.#.....
................####
.#.......#.##.#.#
.#######.#.##.###


You could see a bullfrog skeleton.

Vanquished Creatures
  A scorpion (D:4)
  A water moccasin skeleton (D:4)
  A hound (D:4)
  Jessica (D:3)
  An iguana (D:4)
  2 orc wizards
  Terence (D:3)
  A hound skeleton (D:4)
  4 gnolls (D:3)
  6 adders
  A howler monkey skeleton (D:4)
  An ufetubus (D:4)
  2 adder skeletons (D:4)
  A dart slug (D:4)
  7 orcs
  11 ball pythons
  7 bats
  5 endoplasms
  2 giant cockroaches (D:3)
  9 goblins
  8 hobgoblins
  6 jackals
  5 kobolds
  4 quokkas
  2 frilled lizards
  5 rats
95 creatures vanquished.

Notes
Turn   | Place    | Note
-------+----------+-------------------------------------------
     0 | D:1      | nickcage the Spriggan Enchanter began the quest for the
                  | Orb.
     0 | D:1      | Reached XP level 1. HP: 9/9 MP: 5/5
   384 | D:1      | Found Epoptosa's Assorted Antiques.
   410 | D:1      | Reached XP level 2. HP: 13/13 MP: 6/6
   481 | D:1      | Learned a level 2 spell: Ensorcelled Hibernation
  1350 | D:2      | Reached skill level 5 in Hexes
  1350 | D:2      | Reached XP level 3. HP: 16/16 MP: 8/8
  2547 | D:3      | Reached XP level 4. HP: 21/21 MP: 2/9
  2717 | D:3      | Found a glowing golden altar of the Shining One.
  2838 | D:3      | Found a snail-covered altar of Cheibriados.
  2976 | D:3      | Identified the +10 hand axe of Imminent Death {vorpal,
                  | +Blink rCorr Dex+2 Stlth+}
  2991 | D:3      | Noticed Jessica
  3003 | D:3      | Killed Jessica
  3004 | D:3      | Reached skill level 1 in Ice Magic
  3049 | D:3      | Found a faded altar of an unknown god.
  3065 | D:3      | Found a broken altar of Ashenzari.
  3205 | D:3      | Noticed Grinder
  3222 | D:3      | Reached XP level 5. HP: 24/24 MP: 7/10
  3695 | D:3      | Noticed Terence
  3701 | D:3      | Killed Terence
  3801 | D:3      | Found an iron altar of Okawaru.
  4076 | D:3      | Found an opulent altar of Gozag.
  4172 | D:4      | Found Diceosu's Book Shoppe.
  4931 | D:4      | Reached XP level 6. HP: 28/28 MP: 11/11
  4954 | D:4      | Found a stormy altar of Qazlal.
  5579 | D:4      | Reached skill level 5 in Short Blades
  6180 | D:4      | Slain by a bullfrog skeleton

Illustrated notes

Levels and vault maps discovered:
D:1:      mushboom_english_gardens, layout_basic, serial_shops, shop
D:2:      layout_basic
D:3:      layout_rooms, mainiacjoe_overflow_alcove_1,
          mainiacjoe_overflow_catch_the_wave, mainiacjoe_overflow_two_lobes,
          shapermc_ecumenical_altar_acropolis, kennysheep_generic_room_3,
          uniq_terence, uniq_jessica, uniq_grinder
D:4:      kennysheep_six_static_rooms, layout_basic,
          nicolae_qazlal_eye_of_the_storm, serial_shops, nicolae_stop_n_shop_1,
          dk_noncrumbling_3, grunt_ministairs_11

Skill      XL: |  1  2  3  4  5  6 |
---------------+-------------------+-----
Hexes          | 4 5 6 |  6.4
Ice Magic      | 1 |  1.1
Short Blades   | 4 6 |  6.0
Dodging        | |  2.6
Stealth        | |  4.4
Spellcasting   | |  2.6

Action                   |  1- 3 |  4- 6 || total
-------------------------+-------+-------++-------
Melee: Dagger            |   112 |   179 ||   291
       Punch             |       |     5 ||     5
 Cast: Ensorcelled Hiber |    15 |    52 ||    67
  Use: Scroll            |     2 |       ||     2
 Stab: Sleeping          |    21 |    43 ||    64
Armor: Robe              |     6 |    19 ||    25
Dodge: Dodged            |    91 |   135 ||   226
